 Dungeon Crawl Stone Soup version 0.24.0-37-gcf1ca852f1 (webtiles) character file.

Game seed: 16882098005353242173, levelgen mode: deterministic

408 Peloso the Slasher (level 6, -1/56 HPs)
             Began as a Minotaur Fighter on Nov 25, 2019.
             Succumbed to a big kobold's poison
             ... on level 2 of the Dungeon.
             The game lasted 00:04:53 (2745 turns).

Peloso the Slasher (Minotaur Fighter)               Turns: 2745, Time: 00:04:55

Health: -1/56      AC:  8    Str: 21    XL:     6   Next: 57%
Magic:  5/5        EV:  8    Int:  5    God:
Gold:   122        SH: 10    Dex: 11    Spells: 5/5 levels left

rFire    . . .     SeeInvis .   a - +0 long sword
rCold    + . .     Gourm    .   c - +0 shield
rNeg     . . .     Faith    .   b - +1 scale mail {rC+}
rPois    .         Spirit   .   (helmet restricted)
rElec    .         Reflect  .   (no cloak)
rCorr    .         Harm     .   (no gloves)
MR       .....                  (no boots)
Stlth    ..........             (no amulet)
HPRegen  0.18/turn              (no ring)
MPRegen  0.09/turn              (no ring)

@: lethally poisoned (-1 -> -10), berserk cooldown, slowed, very slow
A: retaliatory headbutt, horns 2
a: no special abilities


You were on level 2 of the Dungeon.
You were not hungry.

You visited 1 branch of the dungeon, and saw 3 of its levels.

You collected 122 gold pieces.

Inventory:

Hand Weapons
 a - a +0 long sword (weapon)
Armour
 b - a +1 scale mail of cold resistance (worn)
 c - a +0 shield (worn)
Wands
 k - a wand of disintegration (12)
Scrolls
 g - 6 scrolls of remove curse {unknown}
 h - a scroll of fog {unknown}
 i - 3 scrolls of identify {unknown}
 j - a scroll of teleportation {unknown}
 l - a scroll of enchant weapon {unknown}
 n - a scroll of fear {unknown}
Potions
 d - 3 potions of might
Comestibles
 f - 4 rations


   Skills:
 + Level 5.0 Fighting
 + Level 5.4 Long Blades
 + Level 5.1 Armour
 + Level 1.1 Dodging
 + Level 5.2 Shields


You had 5 spell levels left.
You didn't know any spells.
Your spell library was empty.

Dungeon Overview and Level Annotations

Branches:
Dungeon (3/15)

Altars:
Ashenzari
Uskayaw
Vehumet


Innate Abilities, Weirdness & Mutations

You reflexively headbutt those who attack you in melee.
You have a pair of horns on your head.


Message History

You slash the big kobold!
You kill the big kobold!
Your Fighting skill increases to level 5!
* * * LOW HITPOINT WARNING * * *
You feel sick.
It was a potion of berserk rage.
A red film seems to cover your vision as you go berserk!
You feel yourself moving faster!
You feel mighty!
* * * LOW HITPOINT WARNING * * *
You feel sick.
You feel a strong urge to attack something.
* * * LOW HITPOINT WARNING * * *
You feel sick.
* * * LOW HITPOINT WARNING * * *
You feel sick.
You feel your anger nearly subside.
You are no longer berserk.
You are exhausted.
You feel yourself slow down.
Okay, then.
You die...

#.##P..PP#####
#.##..###.♣♣P♣
#.###........♣♣
#.# #####.P♣..♣
#.# #.♣...♣ #.#
#.♣♣.†♣### #"#
#.###....####
#.#######)#
####.....
#...@...>.#
######
###########


There were no monsters in sight!

Vanquished Creatures
  2 big kobolds
  2 orc wizards (D:3)
  Terence (D:2)
  Robin (D:2)
  7 adders
  3 oozes
  2 dart slugs (D:1)
  2 leopard geckos (D:3)
  7 orcs (D:3)
  7 bats
  14 goblins
  8 hobgoblins
  12 jackals
  4 quokkas
  2 ball pythons
  6 frilled lizards
  15 kobolds
  4 rats
  2 plants (D:2)
101 creatures vanquished.

Notes
Turn   | Place    | Note
-------+----------+-------------------------------------------
     0 | D:1      | Peloso the Minotaur Fighter began the quest for the Orb.
     0 | D:1      | Reached XP level 1. HP: 19/19 MP: 0/0
   374 | D:1      | Reached XP level 2. HP: 22/27 MP: 1/1
   779 | D:2      | Reached XP level 3. HP: 32/33 MP: 2/2
   813 | D:2      | Noticed Robin
   860 | D:2      | Killed Robin
   860 | D:2      | Reached XP level 4. HP: 11/41 MP: 3/3
  1347 | D:2      | Noticed Terence
  1362 | D:2      | Killed Terence
  1446 | D:2      | Found a hide-covered altar of Uskayaw.
  1447 | D:2      | Found a radiant altar of Vehumet.
  1447 | D:2      | Found a shattered altar of Ashenzari.
  1720 | D:2      | Reached XP level 5. HP: 47/47 MP: 4/4
  2591 | D:3      | Reached skill level 1 in Dodging
  2657 | D:3      | Reached XP level 6. HP: 55/55 MP: 5/5
  2695 | D:3      | Reached skill level 5 in Long Blades
  2695 | D:3      | Reached skill level 5 in Armour
  2695 | D:3      | Reached skill level 5 in Shields
  2740 | D:2      | Reached skill level 5 in Fighting
  2740 | D:2      | HP: 2/56 [poisoned by a big kobold]
  2745 | D:2      | Succumbed to a big kobold's poison

Levels and vault maps discovered:
D:1:      lemuel_arrival_broad_hall, layout_loops_corners
D:2:      layout_loops_ring, gammafunk_temple_overflow_claw, serial_forest,
          infiniplex_forest_clump_C, infiniplex_forest_corner_1,
          infiniplex_forest_clump_small, infiniplex_forest_clump_diagonal,
          infiniplex_forest_straight_4, infiniplex_forest_straight_1,
          infiniplex_forest_lined_3, uniq_robin, uniq_terence
D:3:      cheibrodos_thug_alley, layout_basic, serial_bayou_pond_a,
          dk_noncrumbling_4

Skill      XL: |  1  2  3  4  5  6 |
---------------+-------------------+-----
Shields        | 4 5 |  5.2
Fighting       | 4 5 |  5.0
Armour         | 4 5 |  5.1
Long Blades    | 3 4 5 |  5.4
Dodging        | 1 |  1.1

Action                   |  1- 3 |  4- 6 || total
-------------------------+-------+-------++-------
Melee: Long sword        |    80 |   199 ||   279
       Headbutt          |     8 |    37 ||    45
  Use: Potion            |     2 |     2 ||     4
  Eat: Chunk             |       |     6 ||     6
Armor: Scale mail        |    41 |    92 ||   133
Dodge: Dodged            |    30 |    40 ||    70
Block: Shield            |    49 |   113 ||   162
       Rpst.: Long sword |    13 |    10 ||    23
